 Dungeon Crawl Stone Soup version 0.18-a0-1539-g1c7284a (webtiles) character file.

326 Goblin1989 the Firebug (level 6, -2/32 HPs)
             Began as a Deep Elf Fire Elementalist on Mar 9, 2016.
             Slain by a river rat (6 damage)
             ... in a sewer.
             The game lasted 00:18:27 (2623 turns).

Goblin1989 the Firebug (Deep Elf Fire Elementalist) Turns: 2623, Time: 00:18:28

Health: -2/32      AC:  2    Str:  5    XL:     6   Next: 24%
Magic:  1/15       EV: 13    Int: 22    God:
Gold:   105        SH:  0    Dex: 15    Spells: 5 memorised, 1 level left

rFire  . . .     SeeInvis .     d - +0 dagger
rCold  . . .     Gourm    .     a - +0 robe
rNeg   . . .     Faith    .     (no shield)
rPois  .         Spirit   .     (no helmet)
rElec  .         Dismiss  .     (no cloak)
rCorr  .         Reflect  .     (no gloves)
SustAt .         Harm     .     (no boots)
MR     .....                    (no amulet)
Stlth  ++........               (no ring)
                                (no ring)

@: not resistant to hostile enchantments, unstealthy
A: no striking features
a: no special abilities


You were in a sewer.
You were not hungry.

You visited 1 branch of the dungeon, and saw 3 of its levels.
You also visited: Sewer.

You collected 105 gold pieces.

Inventory:

Hand Weapons
 d - a +0 dagger (weapon)
 j - a +0 blowgun
Armour
 a - a +0 robe (worn)
Jewellery
 f - an uncursed ring of wizardry {unknown}
 h - an uncursed ring of magical power {unknown}
Scrolls
 m - a scroll of blinking
Potions
 e - a potion of heal wounds {unknown}
 g - a potion of curing {unknown}
 i - a potion of lignification
 o - a potion of mutation {unknown}
Books
 b - a book of Flames

   Spells                             Type                      Level
   a - Flame Tongue                   Conjuration/Fire             1
   b - Throw Flame                    Conjuration/Fire             2
   c - Conjure Flame                  Conjuration/Fire             3
   d - Inner Flame                    Hexes/Fire                   3
   e - Sticky Flame                   Conjuration/Fire             4
   f - Fireball                       Conjuration/Fire             5
Comestibles
 c - 4 bread rations


   Skills:
 - Level 2.4 Dodging
 - Level 2.4 Stealth
 + Level 4.7 Spellcasting
 * Level 4.1 Conjurations
 * Level 5.7 Fire Magic


You had one spell level left.
You knew the following spells:

 Your Spells              Type           Power        Failure   Level  Hunger
a - Flame Tongue          Conj/Fire      ####.        1%          1    None
b - Throw Flame           Conj/Fire      ####..       1%          2    None
c - Conjure Flame         Conj/Fire      ####....     4%          3    ##.....
d - Inner Flame           Hex/Fire       ###.....     12%         3    ##.....
e - Sticky Flame          Conj/Fire      ####....     14%         4    ####...


Dungeon Overview and Level Annotations

Branches:
Dungeon (3/15)

Altars:
Cheibriados
Qazlal

Annotations:
D:3 Robin


Message History

The flame tongue hits the river rat.
The river rat is almost dead.
The river rat barely misses you.
Casting: Flame Tongue
Confirm with . or Enter, or press ? or * to list all spells.
You don't know that spell.
You hit the river rat.
The river rat is almost dead.
The river rat barely misses you.
You completely miss the river rat.
The river rat is almost dead.
The river rat completely misses you.
You barely miss the river rat.
The river rat is almost dead.
The river rat bites you!
* * * LOW HITPOINT WARNING * * *
You hit the river rat but do no damage.
The river rat is almost dead.
The river rat bites you.
You die...

##### ## #@rr##
r..# ###rr##
.r.r.## ##..##...
....r..##§§.....#
.........§§§.....#
..................
≈......S..........
≈≈≈≈≈......S.≈≈≈≈≈
≈≈≈≈≈≈≈.....≈≈≈≈≈≈


You could see a river rat and 3 rats.

Vanquished Creatures
  Grinder (D:3)
  6 adders
  3 worms (D:2)
  A dart slug (D:1)
  4 giant geckos
  3 giant cockroaches
  9 goblins
  7 hobgoblins
  4 ball pythons
  10 bats
  4 giant newts
  5 kobolds
  11 rats
68 creatures vanquished.

Notes
Turn   | Place    | Note
--------------------------------------------------------------
     0 | D:1      | Goblin1989 the Deep Elf Fire Elementalist began the quest for the Orb.
     0 | D:1      | Reached XP level 1. HP: 10/10 MP: 6/6
   180 | D:1      | Reached XP level 2. HP: 13/15 MP: 2/8
  1115 | D:2      | Reached XP level 3. HP: 19/19 MP: 8/10
  1258 | D:2      | Learned a level 2 spell: Throw Flame
  1262 | D:2      | Learned a level 3 spell: Conjure Flame
  1266 | D:2      | Learned a level 3 spell: Inner Flame
  1268 | D:2      | Found a snail-covered altar of Cheibriados.
  1273 | D:2      | Found a stormy altar of Qazlal.
  1276 | D:2      | Reached skill level 4 in Fire Magic
  1728 | D:2      | Reached XP level 4. HP: 24/24 MP: 4/11
  2125 | D:3      | Noticed Grinder
  2134 | D:3      | Killed Grinder
  2134 | D:3      | Reached skill level 5 in Fire Magic
  2134 | D:3      | Reached XP level 5. HP: 3/28 MP: 3/14
  2134 | D:3      | Reached XP level 6. HP: 3/32 MP: 3/15
  2295 | D:3      | Noticed Robin
  2330 | D:2      | Learned a level 4 spell: Sticky Flame
  2386 | D:3      | Found a glowing drain.
  2395 | Sewer    | Entered a sewer
  2623 | Sewer    | Slain by a river rat

Vault maps used:
D:1:      minmay_arrival_stone_box
D:2:      cheibriados_altar_1, nicolae_overflow_crystal_walls
D:3:      portal_sewer_entry_b, uniq_robin, uniq_grinder
Sewer:    sewer_minmay_treatment

Skill      XL: |  1  2  3  4 |
---------------+-------------+-----
Conjurations   | 2 4 |  4.1
Fire Magic     | 4 5 |  5.7
Spellcasting   | 4 |  4.7
Dodging        | |  2.4
Stealth        | |  2.4

Action                   |  1- 3 |  4- 6 || total
-------------------------+-------+-------++-------
Melee: Spear             |     3 |       ||     3
       Dagger            |       |    25 ||    25
 Fire: Blowgun           |       |     6 ||     6
 Cast: Flame Tongue      |    67 |    43 ||   110
       Throw Flame       |     1 |     8 ||     9
       Conjure Flame     |       |     3 ||     3
       Inner Flame       |       |     2 ||     2
  Use: Scroll            |       |     6 ||     6
 Stab: Sleeping          |       |     2 ||     2
  Eat: Meat ration       |     1 |       ||     1
